 Dungeon Crawl Stone Soup version 0.29.0 (webtiles) character file.

Game seed: 17525465289946049571

35 NinjaNoafa the Digger (level 3, -2/19 HPs)
             Began as a Gargoyle Earth Elementalist on Aug 24, 2022.
             Slain by Terence
             ... wielding a +0 hand axe
              (5 damage)
             ... on level 2 of the Dungeon.
             The game lasted 00:04:58 (1952 turns).

NinjaNoafa the Digger (Gargoyle Earth Elementalist) Turns: 1952, Time: 00:04:58

Health: -2/19      AC:  5    Str: 11    XL:     3   Next: 33%
Magic:  1/6        EV: 11    Int: 17    God:
Gold:   92         SH:  0    Dex: 10    Spells: 5/6 levels left

rFire   . . .      SeeInvis .   e - +0 dagger
rCold   + . .      Faith    .   (no shield)
rNeg    + . .      Spirit   .   a - +0 robe
rPois   ∞          Reflect  .   (no helmet)
rElec   +          Harm     .   (no cloak)
rCorr   .          Rampage  .   (no gloves)
Will    .....                   (no boots)
Stlth   ++........              l - amulet of the acrobat
HPRegen 0.06/turn               m - ring of protection from cold
MPRegen 0.10/turn               (no ring)

@: mighty, brilliant, flying
A: sickness immunity, AC +3, negative energy resistance 1, electricity
resistance, torment resistance 1, petrification resistance
a: no special abilities


You were on level 2 of the Dungeon.
You visited 1 branch of the dungeon, and saw 2 of its levels.

You collected 92 gold pieces.

Inventory:

Hand Weapons
 e - a +0 dagger (weapon)
Missiles
 d - 20 stones
 j - 5 silver javelins
Armour
 a - a +0 robe (worn)
 o - an orb of mayhem
Jewellery
 l - an amulet of the acrobat (around neck)
 m - a ring of protection from cold (left hand)
Scrolls
 f - a scroll of brand weapon {unknown}
 h - a scroll of teleportation {unknown}
 i - a scroll of blinking {unknown}
 k - 2 scrolls of identify {unknown}
Potions
 b - a potion of magic
 g - a potion of might


   Skills:
 - Level 1.5 Dodging
 - Level 2.1 Stealth
 - Level 2.0 Spellcasting
 + Level 1.3 Conjurations
 + Level 1.3 Transmutations
 * Level 4.5 Earth Magic


You had 5 spell levels left.
You knew the following spells:

 Your Spells              Type           Power      Damage    Failure   Level
a - Sandblast             Erth           50%        2d12      3%          1

Your spell library contained the following spells:

 Spells                   Type           Power      Damage    Failure   Level
 Passwall                 Tmut/Erth      14%        N/A       9%          2
 Stone Arrow              Conj/Erth      34%        3d9       17%         3
 Gell's Gravitas          Tloc           2%         N/A       50%         3
 Lesser Beckoning         Tloc           2%         N/A       50%         3
 Teleport Other           Tloc           2%         N/A       50%         3
 Petrify                  Tmut/Erth      17%        N/A       50%         4


Dungeon Overview and Level Annotations

Branches:
Dungeon (2/15)

Altars:

Annotations:
D:2 Terence


Innate Abilities, Weirdness & Mutations

You are immune to sickness and miasma.
Your stone body is resilient. (AC +3)
You are immune to poison.
You resist negative energy. (rN+)
You are resistant to electric shocks. (rElec)
You are resistant to unholy torment.
You are immune to petrification.


Message History

Terence is lightly wounded.
Terence closely misses you. Terence barely misses you.
Terence attacks as you move away! Terence misses you.
The blast of sand hits Terence.
Terence is moderately wounded.
Terence barely misses you.
The blast of sand hits Terence but does no damage.
Terence is moderately wounded.
Terence hits you with a +0 hand axe. Terence closely misses you.
Okay, then.
Terence attacks as you move away! Terence closely misses you.
You are too injured to fight recklessly!
Casting: Sandblast (safe; 3% risk of failure)
Confirm with . or Enter, or press ? or * to list all spells.
Aiming: Sandblast (safe; 3% risk of failure)
Press: ? - help, Shift-Dir - straight line, f/p - Terence
Aim: Terence, wielding a +0 hand axe and wearing a +3 scale mail of cold resistance (moderately wounded, 84% to hit)
The blast of sand hits Terence but does no damage.
Terence is moderately wounded.
Terence misses you.
It was a potion of flight.
You feel very buoyant.
You fly up into the air.
Terence barely misses you.
It was a potion of might.
You feel very mighty all of a sudden. Terence hits you with a +0 hand axe!
* * * LOW HITPOINT WARNING * * *
You hit Terence but do no damage.
Terence is moderately wounded.
Terence closely misses you.
It was a potion of brilliance.
You feel clever all of a sudden. Terence misses you.
You puncture Terence!
Terence is severely wounded.
Terence hits you but does no damage.
You hit Terence.
Terence is almost dead.
Terence hits you with a +0 hand axe.
You die...

....# .# ### ...# .#...#
.#### ..#+#.#...# ....).
#.......... ......
#..........
......######.......... #
...........#..÷.<..... #
.......@@............. .
#####......###$#########
.# #$.....# #.#####....
...##......# #....##.###
#......)..# #....'..###
####.......###....##...[
.............+...[.+....
#######.######....##....
#.# #....##....


You could see Terence.

Vanquished Creatures
  A worm (D:2)
  A dart slug (D:1)
  4 ball pythons
  2 bats
  3 endoplasms (D:1)
  A giant cockroach (D:2)
  A goblin (D:1)
  2 hobgoblins (D:1)
  3 quokkas
  A frilled lizard (D:2)
  5 kobolds
  4 rats
28 creatures vanquished.

Notes
Turn   | Place    | Note
-------+----------+-------------------------------------------
     0 | D:1      | NinjaNoafa the Gargoyle Earth Elementalist began the quest
                  | for the Orb.
     0 | D:1      | Reached XP level 1. HP: 10/10 MP: 3/3
   185 | D:1      | Found a faded altar of an unknown god.
   312 | D:1      | Reached skill level 1 in Transmutations
   459 | D:1      | Reached skill level 4 in Earth Magic
   459 | D:1      | Reached XP level 2. HP: 14/15 MP: 0/5
   743 | D:1      | Reached skill level 1 in Conjurations
  1517 | D:2      | Reached XP level 3. HP: 19/19 MP: 0/6
  1688 | D:2      | Noticed Terence
  1952 | D:2      | Slain by Terence

Illustrated notes

Levels and vault maps discovered:
D:1:      dpeg_arrival_chambers_temple_mockup, layout_basic,
          basic_ecumenical_altar, dk_noncrumbling_3, minmay_tromino_v2
D:2:      layout_basic, uniq_terence

Skill      XL: |  1  2 |
---------------+-------+-----
Transmutations | 1 |  1.3
Earth Magic    | 4 |  4.5
Conjurations   | 1 |  1.3
Dodging        | |  1.5
Stealth        | |  2.1
Spellcasting   | |  2.0

Action                   || total
-------------------------++-------
Melee: Dagger            ||     8
Throw: Stone             ||     1
 Cast: Sandblast         ||    49
  Use: Potion            ||     3
Armor: Robe              ||     6
Dodge: Dodged            ||    22
